 Dungeon Crawl Stone Soup version 0.22-a0-469-gf26638a71f (webtiles) character file.

18 Kriby the Skirmisher (level 2, -1/24 HPs)
             Began as a Human Abyssal Knight on June 13, 2018.
             Was a Follower of Lugonu.
             Slain by Sigmund
             ... wielding a +0 scythe
              (3 damage)
             ... on level 2 of the Dungeon.
             The game lasted 00:01:04 (996 turns).

Kriby the Skirmisher (Human Abyssal Knight)          Turns: 996, Time: 00:01:05

Health: -1/24      AC:  6    Str: 12    XL:     2   Next: 90%
Magic:  3/3        EV:  9    Int: 12    God:    Lugonu [*.....]
Gold:   12         SH:  0    Dex: 12    Spells: 1/1 levels left

rFire    . . .     SeeInvis .   a - +1 hand axe
rCold    . . .     Gourm    .   (no shield)
rNeg     . . .     Faith    .   g - +0 scale mail
rPois    .         Spirit   .   (no helmet)
rElec    .         Reflect  .   (no cloak)
rCorr    .         Harm     .   (no gloves)
MR       .....                  (no boots)
Stlth    ..........             (no amulet)
HPRegen  0.08/turn              (no ring)
MPRegen  0.08/turn              (no ring)

@: no status effects
A: no striking features
a: Depart the Abyss, Renounce Religion


You were on level 2 of the Dungeon.
You worshipped Lugonu.
Lugonu was aware of your devotion.
You were not hungry.

You visited 1 branch of the dungeon, and saw 2 of its levels.
You visited the Abyss 1 time.

You collected 12 gold pieces.

Inventory:

Hand Weapons
 a - a +1 hand axe (weapon)
Armour
 b - a +0 leather armour
 e - a +0 scale mail
 g - a +0 scale mail (worn)
Scrolls
 i - a scroll of identify {unknown}
 j - a scroll of teleportation {unknown}
 l - a scroll of remove curse {unknown}
Potions
 f - 2 potions of curing {unknown}
 h - a potion of lignification {unknown}
 k - a potion of mutation {unknown}
Comestibles
 c - a ration {@e1}


   Skills:
 + Level 3.2 Fighting
 * Level 2.6 Axes
 - Level 2.0 Armour
 - Level 1.0 Dodging
 + Level 2.3 Invocations


You had one spell level left.
You didn't know any spells.
Your spell library was empty.

Dungeon Overview and Level Annotations

Branches:
Dungeon (2/15)

Altars:

Annotations:
D:2 Sigmund


Message History

Sigmund gestures at you while chanting.
You are confused.
You bump into the rock wall.
Sigmund hits you with a scythe.
You miss Sigmund.
Sigmund is moderately wounded.
You're too confused to move!
Sigmund gestures wildly while chanting.
Sigmund flickers and vanishes!
You bump into the rock wall.
You hear some strange, mumbled words.
A magic dart appears from out of thin air!
The magic dart hits you!
* * * LOW HITPOINT WARNING * * *
You bump into the rock wall.
You feel less confused. Something hits you.
* * * LOW HITPOINT WARNING * * *
You hit something. Something hits you but does no damage.
You miss something. Something hits you.
You die...

#...# #.#
###.# #.#
#.# #.#
#.# #{#
#.#
########.#
#.{......#
#@########
#<# ###


There were no monsters in sight!

Vanquished Creatures
  A bat (D:1)
  A giant cockroach (D:1)
  5 goblins (D:1)
  2 hobgoblins (D:1)
  A frilled lizard (D:1)
  2 kobolds (D:1)
  5 rats (D:1)
17 creatures vanquished.

Notes
Turn   | Place    | Note
-------+----------+-------------------------------------------
     0 | Abyss:1  | Kriby the Human Abyssal Knight began the quest for the Orb.
     0 | Abyss:1  | Reached XP level 1. HP: 18/18 MP: 2/2
    16 | Abyss:1  | Found a basalt altar of Yredelemnul.
    39 | Abyss:1  | Noticed a starcursed mass
    40 | D:1      | Escaped the Abyss
   239 | D:1      | Reached XP level 2. HP: 22/24 MP: 3/3
   537 | D:1      | Reached * piety under Lugonu
   883 | D:2      | Noticed Sigmund
   996 | D:2      | Slain by Sigmund

Vault maps used:
D:1:      giann_wishing_wells, minmay_tetromino_t2
D:2:      okawaru_trees_2, first_ration, uniq_sigmund, uniq_natasha

Action                   || total
-------------------------++-------
Melee: Hand axe          ||    64
Invok: Depart the Abyss  ||     1
Armor: Leather armour    ||     3
       Scale mail        ||    25
Dodge: Dodged            ||    34

Table legend:
 A = Spawn XP
 B = Non-spawn XP
 C = Spawn XP percentage of total XP
 D = Spawn monster count
 E = Non-spawn monster count
 F = Spawn count percentage of total count
 G = Total turns spent on level
                    A         B        C        D         E        F      G
               +---------+---------+-------+---------+---------+-------+---------
         Total |       0 |      27 |   0.0 |       0 |      17 |   0.0 |   996
               +---------+---------+-------+---------+---------+-------+---------
           D:1 |       0 |      27 |   0.0 |       0 |      17 |   0.0 |   868
               +---------+---------+-------+---------+---------+-------+---------
